 Dungeon Sprint DCSS version 0.25-b1-37-g2669288c55 (webtiles) character file.

Game seed: 5986133228986041468

22242542 Groucho the Minotaur Barricade (level 23, 240/240 HPs)
             Began as a Minotaur Fighter on June 6, 2020.
             Was the Champion of Cheibriados.
             Escaped with the Orb
             ... and 9 runes!
             The game lasted 00:50:40 (23723 turns).

Groucho the Minotaur Barricade (Minotaur Fighter)  Turns: 23723, Time: 00:50:41

Health: 240/240    AC: 48    Str: 39    XL:     23   Next: 52%
Magic:  51/51      EV: 34    Int: 25    God:    Cheibriados [******]
Gold:   718        SH: 33    Dex: 32    Spells: 73/73 levels left

rFire    + + .     SeeInvis +   Q - +5 broad axe "Yhaturgh" {distort, Str+2}
rCold    + + .     Gourm    .   M - +2 tower shield {AC+3}
rNeg     . . .     Faith    .   r - +8 gold dragon scales
rPois    +         Spirit   .   (helmet restricted)
rElec    .         Reflect  .   R - +2 cloak
rCorr    .         Harm     .   u - +0 pair of gloves
MR       +....     NoTele   +   F - +2 pair of boots {Fly}
Stlth    +.........             (no amulet)
HPRegen  0.50/turn              y - ring of see invisible
MPRegen  0.32/turn              x - ring "Jaxuqex" {rF+ rC+ Int+7 Dex-2}

@: flying, very slow
A: retaliatory headbutt, horns 2, dopey 1
0: Orb of Zot
}: 9/17 runes: decaying, serpentine, barnacled, slimy, elven, silver, golden,
abyssal, gossamer
a: Bend Time, Temporal Distortion, Slouch, Step From Time, Renounce Religion,
Stop Flying


You escaped.
You worshipped Cheibriados.
Cheibriados was exalted by your worship.
You were not hungry.

You visited 1 branch You collected 1947 gold pieces.
You spent 1229 gold pieces at shops.

Inventory:

Hand Weapons
 s - a +1 broad axe of freezing
 t - a +2 vorpal dire flail
 A - a +4 eveningstar of freezing
 Q - the +5 broad axe "Yhaturgh" (weapon) {distort, Str+2}
   (You found it in the Dungeon)

   It warps and distorts space around it.
   Unwielding it can cause banishment or high damage.
   It affects your strength (+2).
 S - a +1 sacred scourge of holy wrath
Missiles
 z - 30 javelins (quivered)
 I - 18 silver javelins
Armour
 r - +8 gold dragon scales (worn)
 u - a +0 pair of gloves (worn)
 F - a +2 pair of boots of flying (worn)
 M - a +2 tower shield of protection (worn)
 R - a +2 cloak (worn)
Jewellery
 c - the ring "Cymionul" {rElec rF+ rC- Int+3}
   (You found it in the Dungeon)

   [ring of protection from fire]

   It affects your intelligence (+3).
   It protects you from fire.
   It makes you vulnerable to cold.
   It insulates you from electricity.
 p - an uncursed ring of protection from magic
 x - the ring "Jaxuqex" (right hand) {rF+ rC+ Int+7 Dex-2}
   (You bought it in a shop in the Dungeon)

   [ring of protection from fire]

   It affects your intelligence (+7).
   It affects your dexterity (-2).
   It protects you from fire.
   It protects you from cold.
 y - a ring of see invisible (left hand)
 B - an uncursed ring of protection from cold
 C - an uncursed ring of poison resistance
 D - an uncursed ring of protection from cold
 L - the ring of Ruinuc Xarae {Fire Str+7 Int-3 Dex+3}
   (You found it in the Dungeon)

   [ring of fire]

   It enhances your fire magic.
   It affects your strength (+7).
   It affects your intelligence (-3).
   It affects your dexterity (+3).
   It protects you from fire.
   It makes you vulnerable to cold.
 N - the ring "Illuryox" {Fire rElec Dex+4}
   (You found it in the Dungeon)

   [ring of fire]

   It enhances your fire magic.
   It affects your dexterity (+4).
   It protects you from fire.
   It makes you vulnerable to cold.
   It insulates you from electricity.
 O - the amulet of Moderation {Regen+ Dex+4}
   (You found it in the Dungeon)

   [amulet of regeneration]

   It affects your dexterity (+4).
   It increases your rate of regeneration.
 P - the amulet of Omosogogi {RegenMP MR- Dex+4}
   (You found it in the Dungeon)

   [amulet of magic regeneration]

   It increases your magic regeneration.
   It affects your dexterity (+4).
   It affects your resistance to hostile enchantments.
Wands
 e - a wand of disintegration (10)
 o - a wand of acid (10)
 K - a wand of digging (2)
Scrolls
 b - 8 scrolls of fog
 k - 3 scrolls of blinking
 m - 8 scrolls of remove curse
 n - 2 scrolls of amnesia
 v - 2 scrolls of fear
 E - 5 scrolls of identify
 J - a scroll of magic mapping {unknown}
Potions
 a - 2 potions of brilliance
 d - 6 potions of might
 h - 7 potions of haste
 i - 8 potions of magic
 j - 5 potions of berserk rage
 l - 5 potions of curing
 q - a potion of invisibility
 G - a potion of resistance
 H - a potion of cancellation {unknown}
Miscellaneous
 w - the horn of Geryon


   Skills:
 O Level 27 Fighting
 O Level 27 Axes
 O Level 27 Maces & Flails
 O Level 27 Throwing
 O Level 27 Armour
 O Level 27 Dodging
 O Level 27 Stealth
 O Level 27 Shields
 O Level 27 Unarmed Combat
 + Level 25.8 Spellcasting
 O Level 27 Invocations
 O Level 27 Evocations


You had 73 spell levels left.
You didn't know any spells.
Your spell library was empty.

Dungeon Overview and Level Annotations

Branches:
Dungeon (1/1)

Altars:
Cheibriados
Dithmenos
Elyvilon
Fedhas
Gozag
Hepliaklqana
Kikubaaqudgha
Makhleb
Nemelex Xobeh
Okawaru
Qazlal
Ru
Sif Muna
Trog
Uskayaw
Vehumet
Wu Jian
Xom
Yredelemnul
Zin
The Shining One
Beogh
Jiyva
Lugonu

Shops:
D ([=}


Innate Abilities, Weirdness & Mutations

You reflexively headbutt those who attack you in melee.
You have a pair of horns on your head.
You are dopey. (Int -2)


Message History

Space warps horribly around the Orb Guardian!
You headbutt the Orb Guardian!
You kill the Orb Guardian!
Cheibriados thoroughly appreciates the change of pace.
There is an opulent altar of Gozag here.
There is a blossoming altar of Fedhas here.
There is a white marble altar of Elyvilon here.
There is a shadowy altar of Dithmenos here.
There is a snail-covered altar of Cheibriados here.
There is a roughly hewn altar of Beogh here.
There is an open door to the Temple here.
You see here a +0 halberd.
There is an open door, spattered with blood here.
Items here: ( )) [ a +0 whip; a +0 war axe; 2 silver boomerangs; a +0 scale mail
There is an open door to the Dungeon here.
Things that are here:
a +0 whip; a +0 dagger
There is a staircase leading out of the dungeon here.
You have escaped!

▓▓▓▓▓▓▓▓▓▓▓▓▓▓▓▓▓▓
▓@...).....))....'
▓▓▓▓▓▓▓▓▓▓▓▓▓▓▓▓▓▓
▓.................
▓.▓▓▓▓▓▓▓▓▓▓▓▓▓▓▓▓
▓.......'.....()..
▓▓▓▓▓▓▓▓▓▓▓▓▓▓▓▓▓▓
▓.................
▓.▓▓▓▓▓▓▓▓▓▓▓▓▓▓▓▓
▓...........).).))


There were no monsters in sight!

Vanquished Creatures
  the Royal Jelly (D)
  A seraph (D)
  5 orbs of fire (D)
  6 ancient liches (D)
  Mara (D)
  Sojobo (D)
  Boris (D)
  7 greater mummies (D)
  A Killer Klown (D)
  Margery (D)
  8 pandemonium lords (D)
  Geryon (D)
  3 curse toes (D)
  3 golden dragons (D)
  Nikola (D)
  A profane servitor (D)
  2 bone dragons (D)
  2 Brimstone Fiends (D)
  A hellephant (D)
  4 liches (D)
  3 Tzitzimimeh (D)
  40 Orb Guardians (D)
  5 electric golems (D)
  2 tentacled monstrosities (D)
  3 Ice Fiends (D)
  2 deep elf master archers (D)
  6 Hell Sentinels (D)
  13 acid blobs (D)
  3 deep elf blademasters (D)
  13 sphinxes (D)
  A titan (D)
  Frances (D)
  Agnes (D)
  2 Executioners (D)
  7 nagarajas (D)
  A thorn hunter (D)
  6 azure jellies (D)
  Donald (D)
  2 storm dragons (D)
  7 shadow dragons (D)
  2 draconian monks (D)
  3 tengu reavers (D)
  A frost giant (D)
  2 fire giants (D)
  Ilsuiw (D)
  A daeva (D)
  5 ghost moths (D)
  2 deep elf sorcerers (D)
  2 angels (D)
  3 vault wardens (D)
  A draconian scorcher (D)
  Louise (D)
  4 ironheart preservers (D)
  4 draconian annihilators (D)
  3 balrugs (D)
  A draconian shifter (D)
  3 draconian stormcallers (D)
  A reaper (D)
  2 emperor scorpions (D)
  4 stone giants (D)
  8 vampire knights (D)
  2 very ugly things (D)
  6 green draconians (D)
  Nessos (D)
  A deep elf demonologist (D)
  A black draconian (D)
  4 white draconians (D)
  3 purple draconians (D)
  2 yellow draconians (D)
  2 deep elf annihilators (D)
  Snorg (D)
  4 lorocyprocas (D)
  3 red draconians (D)
  3 blizzard demons (D)
  3 mummy priests (D)
  2 green deaths (D)
  A crystal guardian (D)
  An ettin (D)
  3 deep elf death magi (D)
  9 death oozes (D)
  5 merfolk javelineers (D)
  5 fire dragons (D)
  3 merfolk impalers (D)
  2 great orbs of eyes (D)
  2 yaktaur captains (D)
  A deep elf high priest (D)
  5 hydras (D)
  25 vault guards (D)
  A shambling mangrove (D)
  2 hell beasts (D)
  7 ice dragons (D)
  A naga warrior (D)
  An anaconda (D)
  A death knight (D)
  2 rakshasas (D)
  2 centaur warriors (D)
  5 merfolk aquamancers (D)
  7 ogre magi (D)
  3 hell hogs (D)
  2 tengu warriors (D)
  2 spriggan berserkers (D)
  3 soul eaters (D)
  A deep elf knight (D)
  3 sun demons (D)
  A salamander mystic (D)
  4 hell knights (D)
  An iron troll (D)
  A fire crab (shapeshifter) (D)
  4 sea snakes (D)
  An unseen horror (D)
  A cherub (D)
  9 swamp dragons (D)
  A shadow demon (D)
  A spriggan druid (D)
  6 deep trolls (D)
  3 lindwurms (D)
  6 orc knights (D)
  An ironbrand convoker (D)
  2 wizards (D)
  A mana viper (shapeshifter) (D)
  A phantasmal warrior (D)
  2 harpies (D)
  A deep elf mage (D)
  An ugly thing (D)
  A mana viper (D)
  2 necromancers (D)
  An orc sorcerer (D)
  3 wolf spiders (D)
  2 manticores (D)
  3 orb spiders (D)
  4 moths of wrath (D)
  3 cyclopes (D)
  A naga mage (D)
  A toenail golem (D)
  A guardian serpent (D)
  6 large abominations (D)
  3 black mambas (D)
  2 smoke demons (D)
  Maurice (D)
  A gargoyle (D)
  3 rust devils (D)
  3 spiny frogs (D)
  2 komodo dragons (D)
  3 orange demons (D)
  A komodo dragon (shapeshifter) (D)
  An ice devil (D)
  2 freezing wraiths (D)
  2 tormentors (D)
  16 guardian mummies (D)
  9 red devils (D)
  5 yaktaurs (D)
  2 hellwings (D)
  3 jumping spiders (D)
  3 trolls (D)
  2 wind drakes (D)
  3 tyrant leeches (D)
  3 bog bodies (D)
  A wandering mushroom (D)
  2 blink frogs (D)
  4 slime creatures (D)
  4 hippogriffs (D)
  4 redbacks (D)
  3 tarantellas (D)
  10 spriggans (D)
  4 small abominations (D)
  3 ynoxinuls (D)
  A wraith (D)
  A yak (D)
  Eustachio (D)
  5 golden eyes (D)
  A chaos spawn (D)
  2 vampire mosquitoes (D)
  An insubstantial wisp (D)
  5 nagas (D)
  An acid dragon (D)
  A floating eye (D)
  3 water moccasins (D)
  11 orc warriors (D)
  2 sky beasts (D)
  A centaur (D)
  A crocodile (D)
  2 bullfrogs (D)
  A killer bee (D)
  A crimson imp (D)
  A quasit (D)
  A hound (D)
  2 orc priests (D)
  4 orc wizards (D)
  An iron imp (D)
  An iguana (D)
  A worker ant (D)
  2 gnolls (D)
  3 worms (D)
  7 orcs (D)
  A bat zombie (D)
  A giant cockroach (D)
  A kobold (D)
  2 goblins (D)
  A leopard gecko zombie (D)
  A rat (D)
  A lurking horror (D)
620 creatures vanquished.

Vanquished Creatures (others)
  A nagaraja (D)
  A draconian knight (D)
  A soul eater (D)
  A guardian mummy (D)
  A spriggan (D)
5 creatures vanquished.

Grand Total: 625 creatures vanquished

Notes
Turn   | Place    | Note
-------+----------+-------------------------------------------
     0 | D        | Groucho the Minotaur Fighter began the quest for the Orb.
     0 | D        | Reached XP level 1. HP: 19/19 MP: 0/0
   347 | D        | Noticed a sky beast
   358 | D        | Killed a sky beast
   358 | D        | Reached skill level 5 in Axes
   358 | D        | Reached XP level 2. HP: 23/31 MP: 1/1
   358 | D        | Reached XP level 3. HP: 28/38 MP: 2/2
   358 | D        | Reached XP level 4. HP: 34/45 MP: 3/3
   886 | D        | Found a roughly hewn altar of Beogh.
   886 | D        | Found a snail-covered altar of Cheibriados.
   886 | D        | Found a shadowy altar of Dithmenos.
   886 | D        | Found a white marble altar of Elyvilon.
   886 | D        | Found a blossoming altar of Fedhas.
   886 | D        | Found an opulent altar of Gozag.
   887 | D        | Found a hazy altar of Hepliaklqana.
   888 | D        | Found a viscous altar of Jiyva.
   889 | D        | Found an ancient bone altar of Kikubaaqudgha.
   890 | D        | Became a worshipper of Cheibriados the Contemplative
   891 | D        | Found a corrupted altar of Lugonu.
   892 | D        | Found a burning altar of Makhleb.
   893 | D        | Found a sparkling altar of Nemelex Xobeh.
   894 | D        | Found an iron altar of Okawaru.
   895 | D        | Found a stormy altar of Qazlal.
   896 | D        | Found a sacrificial altar of Ru.
   897 | D        | Found a shimmering blue altar of Sif Muna.
   898 | D        | Found a bloodstained altar of Trog.
   899 | D        | Found a hide-covered altar of Uskayaw.
   900 | D        | Found a radiant altar of Vehumet.
   901 | D        | Found an ornate altar of the Wu Jian Council.
   902 | D        | Found a shimmering altar of Xom.
   903 | D        | Found a basalt altar of Yredelemnul.
   904 | D        | Found a glowing silver altar of Zin.
   905 | D        | Found a glowing golden altar of the Shining One.
   962 | D        | Noticed a centaur
   964 | D        | Reached XP level 5. HP: 52/52 MP: 4/4
   965 | D        | Reached * piety under Cheibriados
   965 | D        | Reached skill level 1 in Invocations
   976 | D        | Reached ** piety under Cheibriados
   979 | D        | Killed a centaur
   979 | D        | Reached *** piety under Cheibriados
   979 | D        | Reached XP level 6. HP: 50/62 MP: 5/7
  1168 | D        | Noticed a gargoyle
  1168 | D        | Noticed a slime creature
  1168 | D        | Noticed a manticore
  1168 | D        | Noticed a slime creature
  1172 | D        | Killed a gargoyle
  1172 | D        | Reached skill level 5 in Invocations
  1172 | D        | Reached XP level 7. HP: 70/70 MP: 7/9
  1174 | D        | Reached **** piety under Cheibriados
  1175 | D        | Killed a slime creature
  1175 | D        | Reached skill level 10 in Fighting
  1175 | D        | Reached skill level 10 in Armour
  1175 | D        | Reached skill level 10 in Shields
  1178 | D        | Killed a manticore
  1178 | D        | Reached ***** piety under Cheibriados
  1178 | D        | Reached skill level 10 in Axes
  1178 | D        | Reached XP level 8. HP: 81/81 MP: 7/12
  1184 | D        | Killed a slime creature
  1353 | D        | Noticed a hippogriff
  1353 | D        | Noticed a hippogriff
  1353 | D        | Noticed a komodo dragon
  1357 | D        | Noticed a blink frog
  1362 | D        | Killed a hippogriff
  1366 | D        | Killed a hippogriff
  1366 | D        | Reached XP level 9. HP: 84/89 MP: 13/13
  1376 | D        | Killed a komodo dragon
  1376 | D        | Reached ****** piety under Cheibriados
  1724 | D        | Noticed a spiny frog
  1724 | D        | Noticed a spiny frog
  1724 | D        | Noticed a spiny frog
  1725 | D        | Noticed a komodo dragon
  1730 | D        | Killed a spiny frog
  1734 | D        | Killed a spiny frog
  1740 | D        | Killed a spiny frog
  1742 | D        | Reached XP level 10. HP: 101/101 MP: 14/16
  1766 | D        | Noticed a lindwurm
  1766 | D        | Noticed a lindwurm
  1766 | D        | Noticed a lindwurm
  1771 | D        | Killed a lindwurm
  1771 | D        | Reached skill level 10 in Invocations
  1777 | D        | Killed a lindwurm
  1779 | D        | Killed a lindwurm
  2027 | D        | Noticed an orc sorcerer
  2027 | D        | Noticed an orc knight
  2029 | D        | Killed an orc sorcerer
  2031 | D        | Noticed an orc knight
  2036 | D        | Killed an orc knight
  2036 | D        | Reached XP level 11. HP: 48/111 MP: 9/18
  2043 | D        | Killed an orc knight
  2534 | D        | Found Qigiss's Weapon Emporium.
  2534 | D        | Noticed a deep troll
  2534 | D        | Noticed an ogre mage
  2534 | D        | Noticed an iron troll
  2534 | D        | Noticed an ogre mage
  2537 | D        | Noticed a deep troll
  2538 | D        | Killed a deep troll
  2541 | D        | Reached skill level 15 in Fighting
  2541 | D        | Reached skill level 15 in Armour
  2541 | D        | Reached skill level 15 in Shields
  2544 | D        | Killed an ogre mage
  2544 | D        | Reached skill level 15 in Axes
  2544 | D        | Killed a deep troll
  2546 | D        | Killed an iron troll
  2548 | D        | Killed an ogre mage
  2865 | D        | Found Onumeez's Antique Armour Shoppe.
  2869 | D        | Found Qiunn's Jewellery Emporium.
  2871 | D        | Noticed a deep troll
  2871 | D        | Noticed a deep troll
  2872 | D        | Found Vounit's Gadget Shoppe.
  2872 | D        | Noticed an ogre mage
  2874 | D        | Killed a deep troll
  2874 | D        | Noticed a deep troll
  2879 | D        | Killed a deep troll
  2880 | D        | Noticed an ogre mage
  2886 | D        | Killed a deep troll
  2887 | D        | Killed an ogre mage
  2893 | D        | Killed an ogre mage
  2922 | D        | Bought the ring "Jaxuqex" {rF+ rC+ Int+7 Dex-2} for 544
                  | gold pieces
  2922 | D        | Bought an uncursed ring of see invisible for 165 gold
                  | pieces
  2924 | D        | Bought a shiny plate armour for 520 gold pieces
  3037 | D        | Noticed Maurice
  3037 | D        | Noticed Eustachio
  3049 | D        | Killed Maurice
  3049 | D        | Reached XP level 12. HP: 72/122 MP: 20/20
  3053 | D        | Killed Eustachio
  3603 | D        | Noticed a centaur warrior
  3603 | D        | Noticed a four-headed hydra
  3612 | D        | Killed a centaur warrior
  3613 | D        | Noticed a stone giant
  3620 | D        | Killed an eight-headed hydra
  3625 | D        | Noticed a centaur warrior
  3625 | D        | Noticed a white very ugly thing
  3628 | D        | Killed a stone giant
  3636 | D        | Noticed a great orb of eyes
  3640 | D        | Killed a centaur warrior
  3641 | D        | Killed a white very ugly thing
  3646 | D        | Paralysed by a great orb of eyes for 2 turns
  3655 | D        | Killed a great orb of eyes
  4396 | D        | Noticed an anaconda
  4400 | D        | Killed an anaconda
  4665 | D        | Reached XP level 13. HP: 134/134 MP: 22/22
  4690 | D        | Noticed a merfolk javelineer
  4698 | D        | Reached skill level 1 in Dodging
  4705 | D        | Killed a merfolk javelineer
  4720 | D        | Reached skill level 15 in Invocations
  5130 | D        | Noticed a thorn hunter
  5134 | D        | Reached skill level 1 in Throwing
  5139 | D        | Reached skill level 5 in Dodging
  5143 | D        | Killed a thorn hunter
  5407 | D        | Noticed Donald
  5414 | D        | Killed Donald
  5622 | D        | Noticed a fire dragon
  5622 | D        | Noticed a stone giant
  5627 | D        | Killed a fire dragon
  5627 | D        | Reached skill level 5 in Throwing
  5634 | D        | Killed a stone giant
  5645 | D        | Noticed a tengu reaver
  5662 | D        | Noticed a stone giant
  5688 | D        | Killed a tengu reaver
  5693 | D        | Killed a stone giant
  5693 | D        | Reached XP level 14. HP: 103/147 MP: 24/24
  5719 | D        | Reached skill level 10 in Dodging
  6161 | D        | Noticed a vault warden
  6161 | D        | Noticed an ironheart preserver
  6165 | D        | Killed an ironheart preserver
  6165 | D        | Reached skill level 1 in Unarmed Combat
  6169 | D        | Killed a vault warden
  6186 | D        | Reached skill level 5 in Unarmed Combat
  6207 | D        | Noticed a stone giant
  6210 | D        | Reached skill level 10 in Throwing
  6214 | D        | Killed a stone giant
  6814 | D        | Noticed Nikola
  6826 | D        | Killed Nikola
  7262 | D        | Noticed Snorg
  7262 | D        | Noticed Sojobo
  7264 | D        | Noticed a tengu reaver
  7268 | D        | Noticed a tengu reaver
  7270 | D        | Killed Snorg
  7271 | D        | Killed a tengu reaver
  7276 | D        | Killed Sojobo
  7279 | D        | Killed a tengu reaver
  7279 | D        | Reached XP level 15. HP: 122/155 MP: 5/25
  7594 | D        | Noticed a ghost moth
  7597 | D        | Killed a ghost moth
  7597 | D        | Reached skill level 10 in Unarmed Combat
  7729 | D        | Noticed Mara
  7732 | D        | Noticed Groucho's illusion
  7755 | D        | Killed Mara
  8092 | D        | Noticed Agnes
  8097 | D        | Killed Agnes
  8220 | D        | Noticed a ghost moth
  8232 | D        | Killed a ghost moth
  8233 | D        | Noticed a ghost moth
  8239 | D        | Killed a ghost moth
  8239 | D        | Reached skill level 15 in Dodging
  8240 | D        | Noticed a ghost moth
  8250 | D        | Killed a ghost moth
  8257 | D        | Noticed a ghost moth
  8273 | D        | Killed a ghost moth
  8278 | D        | Got a gossamer rune of Zot
  8702 | D        | Noticed Ilsuiw
  8710 | D        | Killed Ilsuiw
  8756 | D        | Reached skill level 15 in Throwing
  8782 | D        | Got a barnacled rune of Zot
  8819 | D        | Noticed a nagaraja
  8819 | D        | Noticed a nagaraja
  8819 | D        | Noticed a nagaraja
  8822 | D        | Noticed a nagaraja
  8824 | D        | Killed a nagaraja
  8827 | D        | Killed a nagaraja
  8828 | D        | Noticed a nagaraja
  8836 | D        | Killed a nagaraja
  8838 | D        | Noticed a nagaraja
  8839 | D        | Killed a nagaraja
  8842 | D        | Noticed a nagaraja
  8847 | D        | Noticed a nagaraja
  8848 | D        | Killed a nagaraja
  8849 | D        | Killed a nagaraja
  8861 | D        | Killed a nagaraja
  8861 | D        | Reached XP level 16. HP: 110/163 MP: 10/26
  9127 | D        | Got a serpentine rune of Zot
  9198 | D        | Got a decaying rune of Zot
 10046 | D        | Noticed Boris
 10054 | D        | Killed Boris
 10065 | D        | Noticed Frances
 10072 | D        | Killed Frances
 10248 | D        | Noticed a sphinx
 10248 | D        | Noticed an ancient lich
 10252 | D        | Killed a sphinx
 10254 | D        | Killed an ancient lich
 10254 | D        | Reached skill level 27 in Armour
 10254 | D        | Reached skill level 27 in Shields
 10272 | D        | Reached XP level 17. HP: 169/183 MP: 27/27
 10381 | D        | Noticed an ancient lich
 10381 | D        | Noticed a tentacled monstrosity
 10383 | D        | Killed an ancient lich
 10393 | D        | Killed a tentacled monstrosity
 10394 | D        | Noticed a titan
 10405 | D        | Reached skill level 27 in Fighting
 10411 | D        | Killed a titan
 10814 | D        | Got a silver rune of Zot
 11209 | D        | Noticed Nessos
 11214 | D        | Killed Nessos
 11220 | D        | Noticed Louise
 11227 | D        | Killed Louise
 11414 | D        | Got the ring "Cymionul" {rElec rF+ rC- Int+3}
 11416 | D        | Got the ring of Ruinuc Xarae {Fire Str+7 Int-3 Dex+3}
 11418 | D        | Got the ring "Illuryox" {Fire rElec Dex+4}
 11420 | D        | Got the amulet of Moderation {Regen+ Dex+4}
 11422 | D        | Got the amulet of Omosogogi {RegenMP MR- Dex+4}
 11433 | D        | Got the +5 broad axe "Yhaturgh" {distort, Str+2}
 11554 | D        | Noticed Margery
 11562 | D        | Killed Margery
 11611 | D        | Noticed a golden dragon
 11618 | D        | Killed a golden dragon
 11618 | D        | Reached skill level 27 in Dodging
 11869 | D        | Noticed a bone dragon
 11869 | D        | Noticed a bone dragon
 11890 | D        | Killed a bone dragon
 11897 | D        | Killed a bone dragon
 11897 | D        | Reached skill level 15 in Unarmed Combat
 11907 | D        | Reached XP level 18. HP: 200/200 MP: 29/29
 12249 | D        | Noticed a golden dragon
 12249 | D        | Noticed an electric golem
 12249 | D        | Noticed an orb of fire
 12251 | D        | Noticed a golden dragon
 12252 | D        | Killed an electric golem
 12253 | D        | Killed an orb of fire
 12256 | D        | Killed a golden dragon
 12268 | D        | Killed a golden dragon
 12541 | D        | Noticed a curse toe
 12550 | D        | Killed a curse toe
 12960 | D        | Noticed a tentacled monstrosity
 12967 | D        | Killed a tentacled monstrosity
 13380 | D        | Noticed an Orb Guardian
 13380 | D        | Noticed an Orb Guardian
 13380 | D        | Noticed an Orb Guardian
 13380 | D        | Noticed an Orb Guardian
 13380 | D        | Noticed an Orb Guardian
 13380 | D        | Noticed an Orb Guardian
 13387 | D        | Killed an Orb Guardian
 13393 | D        | Killed an Orb Guardian
 13401 | D        | Killed an Orb Guardian
 13405 | D        | Killed an Orb Guardian
 13409 | D        | Killed an Orb Guardian
 13415 | D        | Killed an Orb Guardian
 13415 | D        | Reached XP level 19. HP: 207/207 MP: 32/32
 13526 | D        | Noticed a Killer Klown
 13526 | D        | Noticed a curse toe
 13587 | D        | Killed a Killer Klown
 13591 | D        | Killed a curse toe
 14238 | D        | Noticed an ancient lich
 14246 | D        | Killed an ancient lich
 14349 | D        | Noticed an orb of fire
 14356 | D        | Killed an orb of fire
 14356 | D        | Reached skill level 27 in Axes
 14359 | D        | Noticed an electric golem
 14376 | D        | Killed an electric golem
 14394 | D        | Noticed an electric golem
 14394 | D        | Noticed an electric golem
 14394 | D        | Noticed a curse toe
 14394 | D        | Noticed an orb of fire
 14396 | D        | Noticed an orb of fire
 14397 | D        | Killed a curse toe
 14398 | D        | Killed an orb of fire
 14401 | D        | Killed an electric golem
 14403 | D        | Noticed an ancient lich
 14405 | D        | Noticed an electric golem
 14406 | D        | Killed an orb of fire
 14412 | D        | Killed an ancient lich
 14412 | D        | Reached skill level 10 in Evocations
 14417 | D        | Killed an electric golem
 14418 | D        | Killed an electric golem
 14501 | D        | Noticed an orb of fire
 14506 | D        | Gained mutation: You are dopey. (Int -2) [an orb of fire]
 14515 | D        | Killed an orb of fire
 14515 | D        | Reached XP level 20. HP: 121/216 MP: 35/35
 15084 | D        | Reached skill level 27 in Unarmed Combat
 15093 | D        | Reached skill level 27 in Throwing
 15093 | D        | Reached skill level 15 in Evocations
 15227 | D        | Noticed an ancient lich
 15229 | D        | Reached skill level 27 in Invocations
 15229 | D        | Paralysed by a vampire knight for 7 turns
 15237 | D        | Killed an ancient lich
 16463 | D        | Got an elven rune of Zot
 16480 | D        | Reached skill level 1 in Maces & Flails
 16480 | D        | Reached skill level 1 in Stealth
 16482 | D        | Reached skill level 5 in Maces & Flails
 16485 | D        | Reached skill level 5 in Stealth
 16491 | D        | Reached XP level 21. HP: 187/224 MP: 37/37
 16491 | D        | Noticed the Royal Jelly
 16501 | D        | Killed the Royal Jelly
 16517 | D        | Reached skill level 10 in Stealth
 16541 | D        | Got a slimy rune of Zot
 17110 | D        | Paralysed by a sphinx for 6 turns
 17117 | D        | Reached skill level 15 in Maces & Flails
 17119 | D        | Reached skill level 10 in Spellcasting
 17372 | D        | Noticed a greater mummy
 17379 | D        | Killed a greater mummy
 18693 | D        | Noticed a greater mummy
 18693 | D        | Noticed a greater mummy
 18693 | D        | Noticed a greater mummy
 18693 | D        | Noticed a greater mummy
 18698 | D        | Noticed a greater mummy
 18699 | D        | Killed a greater mummy
 18699 | D        | Killed a greater mummy
 18699 | D        | Reached skill level 15 in Stealth
 18701 | D        | Killed a greater mummy
 18701 | D        | Reached skill level 27 in Evocations
 18701 | D        | Killed a greater mummy
 18702 | D        | Killed a greater mummy
 18703 | D        | Noticed a greater mummy
 18705 | D        | Killed a greater mummy
 18705 | D        | Noticed a greater mummy
 18714 | D        | Banished a greater mummy
 19319 | D        | Got a golden rune of Zot
 19342 | D        | Got an abyssal rune of Zot
 20017 | D        | Noticed Geryon
 20034 | D        | Killed Geryon
 20034 | D        | Reached XP level 22. HP: 233/233 MP: 39/39
 20424 | D        | Got the Orb of Zot
 20553 | D        | Noticed a seraph
 20558 | D        | Killed a seraph
 20560 | D        | Reached skill level 15 in Spellcasting
 20666 | D        | Noticed Iliy the pandemonium lord
 20673 | D        | Banished Iliy the pandemonium lord
 20784 | D        | Noticed Attuisis the pandemonium lord
 20787 | D        | Banished Attuisis the pandemonium lord
 21138 | D        | Noticed Roatot the pandemonium lord
 21143 | D        | Killed Roatot the pandemonium lord
 21321 | D        | Noticed Tasi the pandemonium lord
 21341 | D        | Killed Tasi the pandemonium lord
 21699 | D        | Noticed Xiafep the pandemonium lord
 21702 | D        | Killed Xiafep the pandemonium lord
 21765 | D        | Reached skill level 27 in Maces & Flails
 21994 | D        | Noticed Eloakon the pandemonium lord
 22004 | D        | Killed Eloakon the pandemonium lord
 22358 | D        | Noticed an ancient lich
 22364 | D        | Killed an ancient lich
 22405 | D        | Noticed Qegiduuz the pandemonium lord
 22415 | D        | Killed Qegiduuz the pandemonium lord
 22441 | D        | Reached XP level 23. HP: 188/240 MP: 46/46
 22448 | D        | Noticed Tedong the pandemonium lord
 22457 | D        | Killed Tedong the pandemonium lord
 22726 | D        | Noticed Gofaist the pandemonium lord
 22729 | D        | Noticed Hafoerur the pandemonium lord
 22731 | D        | Killed Gofaist the pandemonium lord
 22731 | D        | Reached skill level 27 in Stealth
 22736 | D        | Killed Hafoerur the pandemonium lord
 23723 | D        | Escaped with the Orb!

Illustrated notes

Levels and vault maps discovered:
D:        linesprint [early_d, line_temple, items_1, d_10, items_2, lair_1,
          lair_end, items_3, orc_1, orc_end, items_4, d_15, swamp_1, shoals_1,
          snake_1, spider_1, d_20, vaults_1, items_5, swamp_end, shoals_end,
          snake_end, spider_end, vaults_end, d_27, items_6, zot_1, zot_end,
          crypt_end, forest_end, elf_end, slime_end, tomb_end, abyss_end,
          pan_hell_end]

Skill      XL: |  1  2  3  4  5  6  7  8  9 10 11 12 13 14 15 16 17 18 19 20 21 22 23 |
---------------+----------------------------------------------------------------------+-----
Fighting       | 6 7 8 9 10 11 13 14 16 18 19 20 24 27 | 27.0
Axes           | 5 6 8 9 10 11 12 14 16 17 18 20 25 27 | 27.0
Armour         | 6 7 8 9 10 11 13 14 16 18 19 22 24 27 | 27.0
Shields        | 6 7 8 9 10 11 13 14 16 18 19 22 24 27 | 27.0
Invocations    | 3 5 6 7 9 11 13 14 15 17 21 25 27 | 27.0
Dodging        | 9 13 17 22 27 | 27.0
Throwing       | 7 12 16 17 22 26 27 | 27.0
Unarmed Combat | 9 12 15 21 26 27 | 27.0
Evocations     | 12 24 27 | 27.0
Maces & Flails | 7 22 27 | 27.0
Stealth        | 5 17 25 27 | 27.0
Spellcasting   | 4 14 20 25 | 25.8

Action                   |  1- 3 |  4- 6 |  7- 9 | 10-12 | 13-15 | 16-18 | 19-21 | 22-24 || total
-------------------------+-------+-------+-------+-------+-------+-------+-------+-------++-------
Melee: War axe           |    34 |     8 |       |       |       |       |       |       ||    42
       Headbutt          |     5 |    11 |    20 |    54 |   116 |    84 |    69 |    26 ||   385
       Broad axe         |       |    20 |    65 |   155 |   297 |   187 |   184 |    60 ||   968
Throw: Javelin           |       |       |       |       |    94 |   205 |   156 |   260 ||   715
Invok: Slouch            |       |       |       |    13 |    26 |    15 |    22 |     8 ||    84
  Use: Potion            |       |     1 |       |     1 |       |     3 |     9 |     6 ||    20
       Scroll            |       |       |       |       |       |     4 |     2 |       ||     6
  Eat: Chunk             |       |       |     1 |     1 |     1 |     1 |       |       ||     4
       Ration            |       |       |       |     2 |     2 |     2 |     4 |     2 ||    12
Armor: Scale mail        |    13 |     1 |       |       |       |       |       |       ||    14
       Plate armour      |       |    11 |    18 |    56 |    97 |    15 |       |       ||   197
       Gold dragon scale |       |       |       |       |       |    27 |    36 |    16 ||    79
Dodge: Dodged            |     8 |     3 |    11 |    36 |   108 |    90 |    63 |    30 ||   349
Block: Kite shield       |    15 |    16 |    43 |   107 |   144 |       |       |       ||   325
       Tower shield      |       |       |       |       |   132 |   231 |   164 |    74 ||   601
